 Dungeon Crawl Stone Soup version 0.30-a0-808-g6e0788376e (webtiles) character file.

Game seed: 3056350163600725477

396 Ceno the Grave Robber (level 6, -4/26 (28) HPs)
             Began as a Vine Stalker Necromancer on Feb 26, 2023.
             Was a Follower of Uskayaw.
             Slain by Duvessa
             ... wielding a +2 short sword of freezing
              (7 damage)
             ... on level 5 of the Dungeon.
             The game lasted 00:17:12 (3947 turns).

Ceno the Grave Robber (Vine Stalker Necromancer)    Turns: 3947, Time: 00:17:13

HP:   -4/26 (28)    AC:  4    Str: 15    XL:     6   Next: 82%
MP:   0/13          EV: 12    Int: 23    God:    Uskayaw [*.....]
Gold: 215           SH:  0    Dex: 15    Spells: 0/13 levels left

rFire   . . .      SeeInvis .    e - +0 dagger
rCold   . . .      Faith    .    (no shield)
rNeg    . . .      Spirit   +    a - +0 robe
rPois   .          Reflect  .    (no helmet)
rElec   .          Harm     .    w - +0 cloak
rCorr   .          Rampage  .    (no gloves)
Will    +....                    C - +0 pair of boots "Joavus" {Contam Str+5 Slay+6}
Stlth   +++                      y - amulet of the acrobat
HPRegen 1.04/turn                i - ring of willpower
MPRegen 0.13/turn                m - +6 ring of intelligence

@: very slightly contaminated, drained
A: fangs 2, regeneration 1, magic shield, antimagic bite, no potion heal 2
a: Renounce Religion, Stomp


You were on level 5 of the Dungeon.
You worshipped Uskayaw.
Uskayaw was noncommittal.
You visited 2 branches of the dungeon, and saw 6 of its levels.

You collected 215 gold pieces.

Inventory:

Hand Weapons
 e - a +0 dagger (weapon)
Missiles
 f - 41 stones (quivered)
 o - 4 poisoned darts
Armour
 a - a +0 robe (worn)
 j - the +0 buckler of Ziveqyas {rN+ Str+2}
   (You acquired it on level 5 of the Dungeon)

   Str:       It affects your strength (+2).
   rN:        It protects you from negative energy.
 p - a +0 pair of boots
 w - a +0 cloak (worn)
 C - the +0 pair of boots "Joavus" (worn) {Contam Str+5 Slay+6}
   (You acquired it on level 5 of the Dungeon)

   Str:       It affects your strength (+5).
   Slay:      It affects your accuracy & damage with ranged weapons and melee
   (+6).
   Contam:    It causes magical contamination when unequipped.
Jewellery
 i - a ring of willpower (left hand)
 m - a +6 ring of intelligence (right hand)
 y - an amulet of the acrobat (around neck)
 B - a ring of protection from cold
Wands
 t - a wand of digging (6)
Scrolls
 c - a scroll of fear
 k - a scroll of fog
 l - a scroll of poison {unknown}
 q - a scroll of magic mapping
 r - 5 scrolls of teleportation
 s - a scroll of amnesia {unknown}
 x - a scroll of immolation
Potions
 b - a potion of magic
 d - a potion of might
 g - a potion of ambrosia
 h - 4 potions of flight
 n - 2 potions of degeneration
 v - a potion of resistance {unknown}
 z - a potion of heal wounds {unknown}
 A - a potion of curing {unknown}


   Skills:
 + Level 0.0 Short Blades
 - Level 1.5 Dodging
 - Level 5.0 Stealth
 + Level 4.0 Spellcasting
 * Level 6.2 Necromancy


You couldn't memorise any spells.
You knew the following spells:

 Your Spells              Type           Power      Damage    Failure   Level
a - Necrotise             Necr           100%       1d9       1%          1
b - Vampiric Draining     Necr           33%        2d8       2%          3
c - Animate Dead          Necr           33%        N/A       8%          4
d - Agony                 Necr           33%        N/A       22%         5

Your spell library contained the following spells:

 Spells                   Type           Power      Damage    Failure   Level
 Sublimation of Blood     Necr           33%        N/A       1%          2
 Blink                    Tloc           8%         N/A       16%         2
 Ensorcelled Hibernation  Hex/Ice        8%         N/A       16%         2
 Wereblood                Tmut           4%         N/A       16%         2
 Anguish                  Hex/Necr       9%         N/A       28%         4
 Spider Form              Tmut/Pois      4%         N/A       30%         3
 Manifold Assault         Tloc           4%         N/A       71%         4
 Storm Form               Tmut/Air       2%         N/A       100%        7
 Summon Hydra             Summ           2%         N/A       100%        7


Dungeon Overview and Level Annotations

Branches:
Dungeon (5/15)             Temple (1/1) D:4

Altars:
Cheibriados
Elyvilon
Fedhas
Gozag
Kikubaaqudgha
Makhleb
Nemelex Xobeh
Okawaru
Trog
Uskayaw
Zin

Shops:
D:2 (   D:5 *

Annotations:
D:5 Dowan, Duvessa


Innate Abilities, Weirdness & Mutations

You have extremely sharp teeth.
Your natural rate of healing is unusually fast.
When hurt, damage is shared between your health and your magic reserves.
Your bite disrupts and absorbs the magic of your enemies.
Potions cannot restore your health.


Message History

Found 3 gold pieces.
h - 4 potions of flight (gained 1)
You now have 202 gold pieces (gained 3).
Found 13 gold pieces.
You now have 215 gold pieces (gained 13).
A water moccasin, a necrophage and an adder come into view.
Duvessa and Dowan come into view.
Duvessa is wielding a +2 short sword of freezing and carrying a wand of quicksilver (4).
Duvessa shouts!
Dowan shouts!
Duvessa zaps a wand.
The bolt of dispelling energy misses you.
Casting: Vampiric Draining (dangerous; 2% risk of failure)
Confirm with . or Enter, or press ? or * to list all spells.
The spell is astonishingly dangerous to miscast (22% risk of failure)!
Continue anyway?
Aiming: Agony (astonishingly dangerous; 22% risk of failure)
Press: ? - help, Shift-Dir - straight line, f - Duvessa
Aim: Duvessa, wielding a +2 short sword of freezing, wearing a +0 chain mail and carrying a wand of quicksilver (3) (chance to affect: 86%) Duvessa convulses!
Dowan mumbles some strange words.
Dowan blinks!
Duvessa closely misses you.
Casting: Agony (astonishingly dangerous; 22% risk of failure)
Confirm with . or Enter, or press ? or * to list all spells.
The spell is astonishingly dangerous to miscast (22% risk of failure)!
Continue anyway?
Aiming: Agony (astonishingly dangerous; 22% risk of failure)
Press: ? - help, Shift-Dir - straight line, f/p - Duvessa
Aim: Duvessa, wielding a +2 short sword of freezing, wearing a +0 chain mail and carrying a wand of quicksilver (3) (heavily wounded, chance to affect: 86%)
You miscast Agony.
You are very lightly contaminated with residual magic.
Pain shoots through your body!!
You feel drained.
Ouch! That really hurt!
Duvessa hits you with a +2 short sword of freezing.
* * * LOW HITPOINT WARNING * * *
Duvessa freezes you.
* * * LOW HITPOINT WARNING * * *
You hit Duvessa but do no damage. You bite Duvessa, but do no damage.
Duvessa is heavily wounded.
Dowan casts a spell.
Dowan blinks!
Duvessa hits you with a +2 short sword of freezing!
You die...

,,,,,,,,,,,* *,**,*,*,****
,,,,,,,,,,,* *,**,,,*,,*,***
,,,,,,,,,,,*** *,**,*,,,*,S.#.
,,,,,,,,,,,,,* *,,,,,,*,,,#...
>,,,,,,,,,,,,* ****,*,,,*,Sn#.
,,,,,,,,,,,,,* *,,,*,,*,###
,,,,,,,,,>,*** *,*,*,####..
,,,,,,,,,,,*#########*,,*###.....
,,,,,,,,,,,*#§.e@.§.#*####.#..#..
,,,,,,,,,,,*#.#####.# #....#.....
**********,*#.* #.###.##.#.###.
*,,..* #.............. **###*
#####.##.###### #...........#
#.#####.###.# #.§§§.§.# #..
#§####### ###


You could see Duvessa.

Vanquished Creatures
  A centaur (D:4)
  2 hounds (D:4)
  Natasha (thrice) (D:3)
  7 adders
  2 worms (D:2)
  A dart slug (D:2)
  An orc (D:4)
  9 endoplasms
  4 giant cockroaches
  5 hobgoblins
  3 jackals (D:3)
  3 kobolds
  6 quokkas
  5 ball pythons
  4 bats
  A frilled lizard (D:1)
  9 goblins
  4 rats (D:1)
70 creatures vanquished.

Vanquished Creatures (collateral kills)
  Crazy Yiuf (D:3)
  A dart slug (D:2)
  A ball python (D:3)
  An endoplasm (D:1)
  A giant cockroach (D:4)
  A goblin (D:4)
  3 hobgoblins
  A jackal (D:3)
  A kobold (D:4)
  A rat (D:3)
12 creatures vanquished.

Vanquished Creatures (others)
  A ball python zombie (D:4)
  A goblin zombie (D:2)
2 creatures vanquished.

Grand Total: 84 creatures vanquished

Notes
Turn   | Place    | Note
-------+----------+-------------------------------------------
     0 | D:1      | Ceno the Vine Stalker Necromancer began the quest for the
                  | Orb.
     0 | D:1      | Reached XP level 1. HP: 9/9 MP: 4/4
   279 | D:1      | Reached XP level 2. HP: 13/13 MP: 0/6
   993 | D:1      | Reached XP level 3. HP: 16/16 MP: 7/7
   997 | D:1      | Learned a level 3 spell: Vampiric Draining
  1395 | D:2      | Gained mutation: Your natural rate of healing is unusually
                  | fast. [Vine Stalker growth]
  1395 | D:2      | Reached XP level 4. HP: 18/21 MP: 5/9
  1404 | D:2      | Learned a level 4 spell: Animate Dead
  1484 | D:2      | Found Heanenid's Weapon Emporium.
  1826 | D:3      | Noticed Natasha
  1840 | D:3      | Killed Natasha
  1841 | D:3      | Reached skill level 5 in Necromancy
  1992 | D:3      | Reached XP level 5. HP: 24/24 MP: 10/10
  2050 | D:3      | Found an opulent altar of Gozag.
  2135 | D:3      | Found a faded altar of an unknown god.
  2146 | D:3      | Identified the +4 spear of Starshine {flame, rPois Will+
                  | Dex-4}
  2371 | D:3      | Found a runed translucent door.
  2372 | D:3      | Noticed Crazy Yiuf
  2380 | D:3      | Killed Crazy Yiuf
  2613 | D:3      | Noticed Natasha
  2624 | D:3      | Killed Natasha
  2770 | D:3      | Noticed Natasha
  2775 | D:3      | Killed Natasha
  2852 | D:4      | Found a staircase to the Ecumenical Temple.
  2871 | Temple   | Entered the Ecumenical Temple
  3091 | Temple   | Became a worshipper of Uskayaw the Reveller
  3171 | D:4      | Reached * piety under Uskayaw
  3174 | D:4      | Reached XP level 6. HP: 22/28 MP: 12/12
  3196 | D:4      | Reached ** piety under Uskayaw
  3517 | D:4      | Reached skill level 6 in Necromancy
  3667 | D:4      | Found a blossoming altar of Fedhas.
  3742 | D:4      | Reached skill level 5 in Stealth
  3749 | D:4      | Learned a level 5 spell: Agony
  3806 | D:5      | Entered Level 5 of the Dungeon
  3806 | D:5      | Noticed an ice beast
  3806 | D:5      | Found Foekaky's General Store.
  3867 | D:5      | Identified 2 scrolls of acquirement
  3867 | D:5      | Acquired the +0 pair of boots "Joavus" {Contam Str+5
                  | Slay+6}
  3878 | D:5      | Acquired the +0 buckler of Ziveqyas {rN+ Str+2}
  3915 | D:5      | Noticed a water moccasin
  3941 | D:5      | Noticed Duvessa
  3941 | D:5      | Noticed Dowan
  3947 | D:5      | Slain by Duvessa

Illustrated notes

Levels and vault maps discovered:
D:1:      dpeg_arrival_ternary, layout_loops_corners, minmay_misc_feat_rows
D:2:      layout_rooms, serial_shops, shop
D:3:      layout_loops_ring, mainiacjoe_overflow_alcove_1,
          hellmonk_ecumenical_altar_zigzags, minmay_misc_feat_tower,
          uniq_natasha, uniq_crazy_yiuf_cottage
D:4:      layout_loops_ring, general_overflow_altar,
          minmay_temple_entry_water_ring
D:5:      minmay_spotlight, layout_basic, vehumet_statue, pf_just_have_faith,
          mainiacjoe_overflow_catch_the_wave, serial_shops, shop_fountains,
          uniq_duvessa, uniq_eustachio
Temple:   grunt_temple_mini_profane

Skill      XL: |  1  2  3  4  5  6 |
---------------+-------------------+-----
Stealth        | 3 4 5 |  5.0
Spellcasting   | 3 4 |  4.0
Necromancy     | 5 6 |  6.2
Dodging        | |  1.5

Action                     |  1- 3 |  4- 6 || total
---------------------------+-------+-------++-------
  Melee: Unarmed           |     7 |       ||     7
         Bite              |    11 |    50 ||    61
         Dagger            |    39 |   157 ||   196
         Punch             |       |     2 ||     2
   Cast: Necrotise         |    37 |     5 ||    42
         Vampiric Draining |     1 |     2 ||     3
         Animate Dead      |       |     6 ||     6
         Agony             |       |     1 ||     1
    Use: Scroll            |       |    11 ||    11
   Stab: Sleeping          |     6 |     7 ||    13
         Distracted        |       |     1 ||     1
 Armour: Robe              |    12 |    33 ||    45
  Dodge: Dodged            |    31 |    91 ||   122

Table legend: (Time is in decaauts)
 A = Elapsed time spent in this place.
 B = Non-inter-level travel time spent in this place.
 C = Inter-level travel time spent in this place.
 D = Time resting spent in this place.
 E = Time spent auto-exploring this place.
 F = Levels seen in this place.
 G = Mean time per level.
                   A        B        C        D        E       F      G
               +--------+--------+--------+--------+--------+-----+--------+
         Total |   3949 |   3803 |    146 |    327 |   2076 |   6 |  658.2 |
       Dungeon |   3713 |   3581 |    132 |    327 |   1896 |   5 |  742.6 |
        Temple |    235 |    221 |     14 |      0 |    180 |   1 |  235.0 |
               +--------+--------+--------+--------+--------+-----+--------+

Top non-repeatable levels by time:
     D:1: 1175 daAuts
     D:3: 1031 daAuts
     D:4: 789 daAuts
     D:2: 634 daAuts
  Temple: 235 daAuts
     D:5: 83 daAuts
